 Dungeon Crawl Stone Soup version 0.28-a0-1567-g1695149f81 (webtiles) character file.

Game seed: 3737214777896661221

51 murtidash the Caller (level 3, -3/21 HPs)
             Began as an Octopode Summoner on Jan 19, 2022.
             Slain by a gnoll (7 damage)
             ... on level 2 of the Dungeon.
             The game lasted 00:05:27 (1759 turns).

murtidash the Caller (Octopode Summoner)            Turns: 1759, Time: 00:05:27

Health: -3/21      AC:  1    Str:  7    XL:     3   Next: 81%
Magic:  5/7        EV: 13    Int: 19    God:
Gold:   111        SH:  0    Dex: 12    Spells: 1/7 levels left

rFire   . . .      SeeInvis .   (no weapon)
rCold   . . .      Faith    .   (no shield)
rNeg    . . .      Spirit   .   (helmet restricted)
rPois   .          Reflect  .   (no amulet)
rElec   .          Harm     .   (no ring)
rCorr   .          Rampage  .   (no ring)
Will    .....                   (no ring)
Stlth   +++.......              (no ring)
HPRegen 0.07/turn               (no ring)
MPRegen 0.10/turn               (no ring)
                                (no ring)
                                (no ring)

@: no status effects
A: almost no armour, amphibious, 8 rings, camouflage 1, gelatinous body 1,
(nimble swimmer 1), tentacles
a: no special abilities


You were on level 2 of the Dungeon.
You visited 1 branch of the dungeon, and saw 2 of its levels.

You collected 111 gold pieces.


Innate Abilities, Weirdness & Mutations

You cannot wear most types of armour.
You are amphibious.
You can wear up to eight rings at the same time.
Your skin changes colour to match your surroundings (Stealth+).
Your rubbery body absorbs attacks. (AC +1, EV +1)
((You are camouflaged when in or above water. (Stealth+)))
You have tentacles for arms and can constrict up to eight enemies at once.


   Skills:
 - Level 2.0 Dodging
 - Level 2.6 Stealth
 + Level 2.9 Spellcasting
 + Level 0.8 Hexes
 + Level 4.6 Summonings


You had one spell level left.
You knew the following spells:

 Your Spells              Type           Power      Damage    Failure   Level
a - Summon Small Mammal   Summ           80%        N/A       2%          1
b - Call Imp              Summ           20%        N/A       3%          2
c - Call Canine Familiar  Summ           20%        N/A       7%          3

Your spell library contained the following spells:

 Spells                   Type           Power      Damage    Failure   Level
 Summon Guardian Golem    Hex/Summ       13%        N/A       16%         3
 Summon Lightning Spire   Summ/Air       11%        N/A       52%         4

Inventory:

Missiles
 c - 35 sling bullets
 d - 7 bolts
 f - 4 stones
 h - 27 arrows
Scrolls
 a - a scroll of identify {unknown}
 e - a scroll of teleportation {unknown}
 g - a scroll of magic mapping {unknown}
Potions
 b - a potion of cancellation {unknown}

Dungeon Overview and Level Annotations

Branches:
Dungeon (2/15)

Altars:

Annotations:
D:2 Sigmund

#.#.# #...# #.#.#####...#
#.#.#.......# #.#......#..#
######.#.........###
+..................#
.######g##g.........#
....5..Sg'..........#
........##@.........#
........##..........#
#########[..........#
###..♣♣.......#
#......†.)....#
#...PP._.PP.###
#...........#
#############...P♣♣.....####
.................P....P.....


You could see 2 gnolls, a hobgoblin, a ball python and a friendly crimson imp
(summoned).


Message History

r - Retreat! s - Stop attacking. g - Guard the area. f - Follow me.
Anything else - Cancel.
Gang up on whom?
Press: ? - help, Dir - move target, f - frilled lizard
Aim: a frilled lizard (asleep) Attack!
The frilled lizard hisses angrily.
The hobgoblin shouts!
You hear a shout!
The frilled lizard barely misses your white imp.
An endoplasm comes into view.
Your white imp hits the frilled lizard.
The frilled lizard dies!
A gnoll comes into view. It is wielding a +0 flail.
You hear a zap.
Casting: Call Imp (safe; 3% risk of failure)
Confirm with . or Enter, or press ? or * to list all spells.
The spell is quite dangerous to miscast (7% risk of failure)!
Continue anyway?
Uppercase [Y]es or [N]o only, please.
The spell is quite dangerous to miscast (7% risk of failure)!
Continue anyway? 😎 MP[-3]
You lost 3 mp, and now have 4/7 mp.
Your hound bites the endoplasm.
The endoplasm closely misses your hound.
Your hound bites the endoplasm. x2
The endoplasm dies!
What are your orders? t - Shout!
Orders for allies: a - Attack new target. r - Retreat! s - Stop attacking. g - Guard the area. f - Follow me.
Anything else - Cancel.
Gang up on whom?
Press: ? - help, Dir - move target, f - gnoll
Aim: a gnoll, wielding a +0 flail Attack!
The gnoll closely misses your hound.
Your hound closely misses the gnoll.
The gnoll closely misses your hound.
Your hound bites the gnoll.
The gnoll barely misses your hound.
Your hound bites the gnoll.
Your hound barely misses the gnoll.
The gnoll barely misses your hound.
Your hound bites the gnoll. 😎 MP[+1]
The gnoll hits your hound with a +0 flail.
Your hound bites the gnoll.
The gnoll dies!
Sigmund the Dreaded comes into view.
He is wielding a +0 scythe and carrying a wand of flame (23).
You swap places.
Sigmund zaps a wand.
The puff of flame hits your hound.
Your hound misses Sigmund. Sigmund barely misses your hound.
Your hound bites Sigmund. x2
Your hound closely misses Sigmund.
Sigmund points at you and mumbles some strange words.
The magic dart hits your hound.
A gnoll comes into view. It is wielding a +0 spear.
The gnoll shouts!
Your hound bites Sigmund.
Sigmund mumbles some strange words.
Sigmund flickers and vanishes!
Deactivating autopickup; reactivate with Ctrl-A.
Your hound bites something.
Your hound bites something.
Something barely misses your hound.
A rat comes into view.
Things that are here:
a +0 flail; a gnoll corpse The gnoll hits you from afar with a +0 spear! 😮 HP[-9] MP[+1]
You take 9 damage, and now have 12/21 hp.
MASSIVE DAMAGE!! (PAUSE)
The gnoll hits you from afar with a +0 spear!
* * * LOW HITPOINT WARNING * * *
😱 HP[-9]
You take 9 damage, and now have 3/21 hp.
MASSIVE DAMAGE!! (PAUSE)
Your hound bites the rat.
The rat dies!
A gnoll comes into view. It is wielding a +0 halberd.
The hobgoblin hits your hound.
Your hound dies!
Your hound's corpse disappears in a puff of smoke! 😱 MP[+1]
Your mp is fully restored (7). 😱 HP[+1]
There is an open door here.
As you close the door, it creaks loudly!
You hear an angry hiss.
A ball python comes into view.
The ball python hisses angrily.
Casting: Call Canine Familiar (quite dangerous; 7% risk of failure)
Confirm with . or Enter, or press ? or * to list all spells.
A beastly little devil appears in a puff of flame.
The gnoll closely misses you. 😱 MP[-2]
You lost 2 mp, and now have 5/7 mp.
Your crimson imp blinks!
As you open the door, it creaks loudly!
You hear an angry hiss.
An adder comes into view.
The gnoll barely misses you. The gnoll misses you.
There is an open door here.
The gnoll hits you from afar with a +0 spear!
You die...

Action                   || total
-------------------------++-------
Melee: Unarmed           ||     4
       Punch             ||     1
 Cast: Summon Small Mamm ||    17
       Call Imp          ||    17
       Call Canine Famil ||     1
Armor: Skin              ||     2
Dodge: Dodged            ||     7

Levels and vault maps discovered:
D:1:      wander_arrival_desolate, layout_loops_ring
D:2:      layout_basic, dreamdust_ecumenical_altar_grove, uniq_sigmund

Notes
Turn   | Place    | Note
-------+----------+-------------------------------------------
     0 | D:1      | murtidash the Octopode Summoner began the quest for the
                  | Orb.
     0 | D:1      | Reached XP level 1. HP: 11/11 MP: 3/3
     0 | D:1      | magus.rc [v1.11.3]
   343 | D:1      | Reached XP level 2. HP: 17/17 MP: 1/5
   346 | D:1      | Learned a level 2 spell: Call Imp
  1159 | D:1      | Reached XP level 3. HP: 17/21 MP: 6/6
  1163 | D:1      | Learned a level 3 spell: Call Canine Familiar
  1605 | D:2      | Found a faded altar of an unknown god.
  1730 | D:2      | Noticed Sigmund
  1738 | D:2      | HP: 3/21 [gnoll (9)]
  1759 | D:2      | Slain by a gnoll

Vanquished Creatures
  An endoplasm (D:2)
1 creature vanquished.

Vanquished Creatures (collateral kills)
  A gnoll (D:2)
  A dart slug (D:2)
  6 endoplasms
  2 giant cockroaches (D:1)
  5 goblins
  2 hobgoblins (D:1)
  4 kobolds
  2 quokkas (D:2)
  3 ball pythons
  2 bats
  3 frilled lizards
  3 rats
34 creatures vanquished.

Vanquished Creatures (others)
  A fungus (D:2)
  2 plants (D:2)
3 creatures vanquished.

Grand Total: 38 creatures vanquished

Table legend:
 A = Non-vault XP
 B = Vault XP
 C = Vault XP percentage of total XP
 D = Non-vault monster count
 E = Vault monster count
 F = Vault count percentage of total count
                 A         B        C        D         E       F
            +---------+---------+-------+---------+---------+-------
      Total |      73 |       0 |   0.0 |      35 |       0 |   0.0
            +---------+---------+-------+---------+---------+-------
        D:1 |      35 |       0 |   0.0 |      21 |       0 |   0.0
        D:2 |      38 |       0 |   0.0 |      14 |       0 |   0.0
            +---------+---------+-------+---------+---------+-------

Illustrated notes

Table legend:
 A = Kills in this place as a percentage of kills in entire the game.
 B = Kills by you in this place as a percentage of kills by you in the entire game.
 C = Kills by friends in this place as a percentage of kills by friends in the entire game.
 D = Other kills in this place as a percentage of other kills in the entire game.
 E = Experience gained in this place as a percentage of experience gained in the entire game.
 F = Experience gained in this place divided by the number of levels of this place that you have seen.
                   A       B       C       D       E      F
               +-------+-------+-------+-------+-------+----------------------
         Total | 100.0 | 100.0 | 100.0 |   N/A | 100.0 |  36.5
       Dungeon | 100.0 | 100.0 | 100.0 |   N/A | 100.0 |  36.5
               +-------+-------+-------+-------+-------+----------------------

Table legend: (Time is in decaauts)
 A = Elapsed time spent in this place.
 B = Non-inter-level travel time spent in this place.
 C = Inter-level travel time spent in this place.
 D = Time resting spent in this place.
 E = Time spent auto-exploring this place.
 F = Levels seen in this place.
 G = Mean time per level.
                   A        B        C        D        E       F      G
               +--------+--------+--------+--------+--------+-----+--------+
         Total |   1758 |   1750 |      8 |      0 |   1365 |   2 |  879.0 |
       Dungeon |   1758 |   1750 |      8 |      0 |   1365 |   2 |  879.0 |
               +--------+--------+--------+--------+--------+-----+--------+

Top non-repeatable levels by time:
     D:1: 1321 daAuts
     D:2: 437 daAuts
